 Dungeon Crawl Stone Soup version 0.28-a0-915-gcd63401287 (webtiles) character file.

Game seed: 4406331757424547464

15075 Gwenloh the Unseen (level 11, 0/47 HPs)
             Began as a Spriggan Enchanter on Nov 25, 2021.
             Was a Believer of Sif Muna.
             Slain by a komodo dragon (32 damage)
             ... on level 1 of the Lair of Beasts.
             The game lasted 00:47:58 (15252 turns).

Gwenloh the Unseen (Spriggan Enchanter)            Turns: 15252, Time: 00:47:59

Health: 0/47       AC:  4    Str:  4    XL:     11   Next: 97%
Magic:  26/26      EV: 20    Int: 18    God:    Sif Muna [**....]
Gold:   626        SH:  0    Dex: 18    Spells: 20/31 levels left

rFire   + . .      SeeInvis +   j - +0 dagger (distort)
rCold   + . .      Faith    .   (shield restricted)
rNeg    . . .      Spirit   .   G - +0 troll leather armour
rPois   .          Reflect  .   (helmet restricted)
rElec   .          Harm     .   K - scarf {rC+ rF+}
rCorr   .          Rampage  .   (gloves unavailable)
Will    +....                   (boots unavailable)
Stlth   ++++++....              (no amulet)
HPRegen 0.95/turn               (no ring)
MPRegen 0.20/turn               (no ring)

@: studying Hexes, very quick
A: very small, no large weapons, unfitting armour, see invisible, speed 3
a: Renounce Religion, Channel Magic


You were on level 1 of the Lair of Beasts.
You worshipped Sif Muna.
Sif Muna was pleased with you.
You visited 3 branches of the dungeon, and saw 13 of its levels.
You also visited: Sewer.

You collected 626 gold pieces.

Inventory:

Hand Weapons
 a - a +1 dagger
 j - a +0 dagger of distortion (weapon)
 M - a +0 rapier
Missiles
 e - 221 arrows
 g - 354 stones (quivered)
 n - 53 poisoned darts
Armour
 b - a +0 robe
 u - a +0 cloak
 x - a +2 buckler
 G - a +0 troll leather armour (worn)
 K - a scarf of resistance (worn)
Magical Staves
 h - a staff of cold
Jewellery
 A - a ring of willpower
 C - an amulet of reflection
 E - a ring of ice
 J - a ring of fire
Wands
 d - a wand of polymorph (8)
 r - a wand of flame (44)
 H - a wand of acid (8)
 I - a wand of charming (8)
Scrolls
 f - 2 scrolls of fog
 l - 4 scrolls of immolation
 o - 2 scrolls of blinking
 p - 2 scrolls of teleportation
 q - a scroll of amnesia
 v - 2 scrolls of magic mapping
 y - 3 scrolls of enchant armour
 z - 2 scrolls of fear
 F - a scroll of brand weapon
Potions
 c - a potion of magic {unknown}
 i - 10 potions of curing
 k - 3 potions of might
 m - a potion of mutation {unknown}
 s - 3 potions of heal wounds
 t - 6 potions of flight
 w - a potion of lignification {unknown}
 B - 3 potions of haste
 D - a potion of resistance {unknown}
 L - a potion of cancellation {unknown}


   Skills:
 + Level 7.8 Short Blades
 + Level 7.2 Dodging
 + Level 16.9 Stealth
 + Level 10.5 Spellcasting
 + Level 16.4 Hexes


You had 20 spell levels left.
You knew the following spells:

 Your Spells              Type           Power      Damage    Failure   Level
a - Ensorcelled Hibernat  Hex/Ice        78%        N/A       1%          2
b - Confusing Touch       Hex            62%        N/A       1%          3
c - Tukima's Dance        Hex            62%        N/A       1%          3
d - Dazzling Flash        Conj/Hex       78%        N/A       1%          3

Your spell library contained the following spells:

 Spells                   Type           Power      Damage    Failure   Level
 Leda's Liquefaction      Hex/Erth       19%        N/A       4%          4
 Freeze                   Ice            36%        1d6       14%         1
 Corpse Rot               Necr/Air       18%        N/A       21%         2
 Passwall                 Tmut/Erth      7%         N/A       21%         2
 Poisonous Vapours        Pois/Air       18%        N/A       21%         2
 Frozen Ramparts          Ice            18%        1d3       38%         3
 Swiftness                Air            9%         N/A       38%         3
 Hailstorm                Conj/Ice       9%         3d4       80%         4
 Iskenderun's Mystic Bla  Conj/Tloc      9%         2d4       80%         4
 Lee's Rapid Deconstruct  Erth           4%         3d6*      98%         5
 Starburst                Conj/Fire      4%         6d4       100%        6
 Statue Form              Tmut/Erth      6%         N/A       100%        6


Dungeon Overview and Level Annotations

Branches:
Dungeon (11/15)            Temple (1/1) D:7            Lair (1/6) D:8
  Sewer (visited)
    Orc: D:9-12

Altars:
Ashenzari
Cheibriados
Dithmenos
Elyvilon
Fedhas
Gozag
Hepliaklqana
Kikubaaqudgha
Makhleb
Nemelex Xobeh
Okawaru
Qazlal
Ru
Sif Muna
Trog
Uskayaw
Vehumet
Wu Jian
Xom
Yredelemnul
Zin
The Shining One

Shops:
D:2 (   D:7 [

Annotations:
D:5 Eustachio


Innate Abilities, Weirdness & Mutations

You are very small and have problems with some larger weapons.
You are too small for most types of armour.
You have supernaturally acute eyesight. (SInv)
You cover ground extremely quickly. (Speed+++)


Message History

L - a sedimented coppery potion You see here a +0 rapier.
M - a +0 rapier You start removing your armour.
You continue taking off your +0 cloak. x4
You finish taking off your +0 cloak.
You start putting on your armour.
You continue putting on your scarf of resistance. x5
You finish putting on your scarf of resistance.
You feel resistant to extremes of temperature.
Done exploring.
(D) Dungeon (T) Temple (L) Lair
Where to? (Enter - D:10 @ (x,y), ? - help)
What level of the Lair of Beasts? (default 1, ? - help)
There is an open translucent gate here.
Things that are here:
a +0 giant spiked club; a +0 giant club
There is a stone staircase leading up here.
You climb upwards.
There is a stone staircase leading down here.
There is a stone staircase leading up here.
You climb upwards.
There is a stone staircase leading down here.
There is an open door here.
There is an open door here.
There is an open door here.
There is an open door here.
There is a stone staircase leading up here.
You climb upwards.
There is a stone staircase leading down here.
There is an open door here.
There is an open door here.
Things that are here:
a +0 chain mail; a yak skeleton
There is a staircase to the Lair, spattered with blood here.
You climb downwards.
Welcome back to the Lair of Beasts!
The blink frog blinks!
The komodo dragon bites you!
The blink frog blinks! x2
The yak barely misses you. The yak completely misses you.
The komodo dragon bites you!!
Ouch! That really hurt!
You die...

......................##
.......................##
........................##
#....#.##.#...≈.≈...Y....##
#.########....≈≈≈≈Y≈......#
#..# ###...≈≈≈≈≈≈≈Y≈....## ##.#
#.....≈≈≈≈≈≈≈≈≈...##
#.#####....≈≈≈≈≈Y≈≈≈F.## .
#..##.....≈≈≈≈≈@lFF≈≈.# #.
##.###.....≈≈≈≈Y÷≈≈≈.## ### #..
##.........≈≈≈≈≈≈≈≈≈.# ##.###..
.#..........≈≈≈≈≈≈≈Y≈.###.8.#..
......###.....≈≈≈F≈.≈§##.....#
...#### ##..#.≈≈..≈....#8.>..+
### ### ##...#####.#§§#.....#
###.####..## ####.##.8.##
##.........# ##.#.###


You could see a komodo dragon, 6 yaks and 4 blink frogs.

Vanquished Creatures
  The ghost of Gwenloh the Cleaver, a journeyman DDFi of Makhleb (D:11)
  A boulder beetle (D:11)
  2 hydras (Lair:1)
  3 two-headed ogres
  Pikel (D:8)
  A black mamba (Lair:1)
  A rime drake (D:11)
  2 unseen horrors (D:10)
  A komodo dragon (D:10)
  A hornet (D:9)
  A troll (D:11)
  Prince Ribbit (D:8)
  Sigmund (D:5)
  4 centaur simulacra (D:11)
  A wyvern (D:7)
  A wraith (D:9)
  11 yaks
  A steam dragon (D:9)
  4 vampire mosquitoes (D:10)
  A water moccasin (D:6)
  3 orc warriors
  3 black bears
  6 ice beasts
  2 ogres (D:5)
  7 centaurs
  A phantom (D:4)
  2 kobold brigands
  4 bullfrogs
  4 scorpions
  A wyvern skeleton (D:6)
  4 wights (D:10)
  2 howler monkeys
  2 electric eels (D:6)
  4 hounds
  6 centaur zombies
  A jelly (D:8)
  A gnoll shaman (D:9)
  3 orc priests
  2 bullfrog skeletons
  2 iguanas
  10 orc wizards
  3 howler monkey zombies (D:9)
  12 adders
  2 river rats (Sewer)
  2 shadow imps
  An ufetubus (D:5)
  2 worms
  2 dart slugs
  32 orcs
  8 ball pythons
  7 endoplasms
  5 giant cockroaches
  9 goblins
  5 hobgoblins
  A jackal (Sewer)
  2 quokkas
  7 bats
  5 frilled lizards
  A jackal skeleton (D:4)
  16 kobolds
  11 rats
243 creatures vanquished.

Vanquished Creatures (others)
  A centaur (D:11)
  5 fungi
  9 plants
15 creatures vanquished.

Grand Total: 258 creatures vanquished

Notes
Turn   | Place    | Note
-------+----------+-------------------------------------------
     0 | D:1      | Gwenloh the Spriggan Enchanter began the quest for the Orb.
     0 | D:1      | Reached XP level 1. HP: 9/9 MP: 5/5
   649 | D:1      | Reached XP level 2. HP: 10/13 MP: 6/6
   654 | D:1      | Learned a level 2 spell: Ensorcelled Hibernation
   755 | D:1      | Reached skill level 5 in Stealth
   905 | D:1      | Found Gafakhus's General Store.
  1163 | D:1      | Found a faded altar of an unknown god.
  1712 | D:2      | Reached XP level 3. HP: 5/16 MP: 1/8
  1987 | D:2      | Found Irecs's Antique Weapon Boutique.
  2368 | D:2      | Reached XP level 4. HP: 20/21 MP: 5/10
  2420 | D:2      | Learned a level 3 spell: Confusing Touch
  2424 | D:2      | Learned a level 3 spell: Tukima's Dance
  2893 | D:3      | Reached skill level 5 in Hexes
  2898 | D:3      | Reached XP level 5. HP: 22/24 MP: 0/11
  3424 | D:3      | Found a glowing silver altar of Zin.
  3546 | D:4      | Noticed a necrophage
  3560 | D:4      | Banished a necrophage
  3561 | D:4      | Reached XP level 6. HP: 9/28 MP: 9/13
  3888 | D:4      | Found an ancient bone altar of Kikubaaqudgha.
  4446 | D:4      | Reached XP level 7. HP: 32/32 MP: 13/15
  4451 | D:4      | Learned a level 3 spell: Dazzling Flash
  4706 | D:5      | Entered Level 5 of the Dungeon
  4775 | D:5      | Noticed Eustachio
  4812 | D:5      | Found a glowing drain.
  4849 | Sewer    | Entered a sewer
  4856 | Sewer    | Reached skill level 5 in Spellcasting
  5090 | Sewer    | Found a white marble altar of Elyvilon.
  5255 | D:5      | Noticed Sigmund
  5264 | D:5      | Killed Sigmund
  5535 | D:5      | Reached skill level 10 in Stealth
  5595 | D:5      | Reached XP level 8. HP: 36/36 MP: 10/17
  7029 | D:6      | Identified the +3 leather armour of the Decaying Stag {rC+
                  | Slay+2}
  7857 | D:7      | Found a staircase to the Ecumenical Temple.
  7877 | Temple   | Entered the Ecumenical Temple
  7970 | Temple   | Became a worshipper of Sif Muna the Loreminder
  8041 | D:7      | You fall into a shaft and drop 2 floors!
  8041 | D:9      | Found a stormy altar of Qazlal.
  8193 | D:7      | Reached XP level 9. HP: 39/39 MP: 17/20
  8356 | D:7      | Found Wocses's Armour Shop.
  8409 | D:7      | Reached skill level 10 in Hexes
  8414 | D:7      | HP: 1/39 [orc wizard/puff of flame (7)]
  9339 | D:8      | Noticed Prince Ribbit
  9350 | D:8      | Killed Prince Ribbit
  9991 | D:8      | Reached * piety under Sif Muna
 10152 | D:8      | Noticed Pikel
 10162 | D:8      | Killed Pikel
 10163 | D:8      | Reached XP level 10. HP: 37/44 MP: 16/22
 10314 | D:8      | Found a staircase to the Lair.
 10635 | D:9      | Noticed a two-headed ogre
 10760 | D:9      | Killed a two-headed ogre
 10879 | D:9      | Reached skill level 5 in Short Blades
 11346 | D:9      | Reached skill level 15 in Stealth
 11401 | D:9      | Found a basalt altar of Yredelemnul.
 11871 | D:10     | Entered Level 10 of the Dungeon
 12393 | D:10     | Found a sacrificial altar of Ru.
 12460 | D:10     | Found a radiant altar of Vehumet.
 12463 | D:10     | Found a broken altar of Ashenzari.
 12469 | D:10     | Found a glowing golden altar of the Shining One.
 12905 | D:10     | Found a snail-covered altar of Cheibriados.
 13032 | D:10     | Found a sparkling altar of Nemelex Xobeh.
 13212 | Lair:1   | Entered Level 1 of the Lair of Beasts
 13229 | Lair:1   | Noticed an eight-headed hydra
 13236 | Lair:1   | Killed an eight-headed hydra
 13237 | Lair:1   | Reached XP level 11. HP: 47/47 MP: 22/25
 13280 | Lair:1   | Noticed a four-headed hydra
 13303 | Lair:1   | Killed a four-headed hydra
 13304 | Lair:1   | Reached skill level 15 in Hexes
 13533 | Lair:1   | Reached skill level 5 in Dodging
 14069 | D:11     | Noticed a two-headed ogre
 14084 | D:11     | Killed a two-headed ogre
 14084 | D:11     | Reached ** piety under Sif Muna
 14148 | D:11     | Found a runed translucent gate.
 14151 | D:11     | Found a runed translucent gate.
 14151 | D:11     | Found a runed translucent gate.
 14291 | D:11     | Reached skill level 10 in Spellcasting
 14399 | D:11     | Noticed a two-headed ogre
 14402 | D:11     | Noticed a boulder beetle
 14406 | D:11     | Killed a two-headed ogre
 14524 | D:11     | Noticed Gwenloh's ghost (journeyman DDFi)
 14565 | D:11     | Killed a boulder beetle
 15034 | D:11     | Killed Gwenloh's ghost
 15252 | Lair:1   | Slain by a komodo dragon

Illustrated notes

Levels and vault maps discovered:
D:1:      amcnicky_arrival_underground_garden, layout_basic,
          shapermc_ecumenical_altar_hornbeckon, serial_shops,
          nicolae_shop_statue_plus, minmay_tripent
D:2:      minmay_alternating_diamond, layout_basic, serial_shops,
          nicolae_shop_trees
D:3:      layout_rooms, zin_treasury
D:4:      layout_loops_ring, kiku_gazebo_pond_becter
D:5:      layout_loops_corners, portal_sewer_entry_b,
          minmay_misc_feat_secret_circle, nicolae_elevator_lobby_asterisk,
          uniq_sigmund, uniq_eustachio
D:6:      cheibrodos_helix_gallery, layout_loops_ring,
          nicolae_elevator_lobby_plus
D:7:      layout_loops_cross, minmay_temple_entry_statues_fountains,
          serial_shops, kennysheep_little_box, enter_bailey_3
D:8:      black_bear_nest_2, layout_basic, grunt_lair_entry_orc_guard_hut,
          lemuel_flamethrower_1, uniq_pikel, uniq_prince_ribbit1
D:9:      layout_roguey, nicolae_yredelemnul_corpse_copse, grunt_qazlal_clouds,
          kennysheep_generic_room_8
D:10:     layout_loops_cross, nemelex_xobeh_ov_fountains_minmay,
          cheibrodos_worm_habitat, nicolae_ru_the_path_less_chosen,
          grunt_temple_overflow_diamond, minivault_22
D:11:     layout_cave_pods, gammafunk_ghost_icy
Temple:   nicolae_temple_x_marks_the_god
Lair:1:   layout_cave_pods, grunt_megastairs_2, infiniplex_staircase_pool_2

Skill      XL: |  1  2  3  4  5  6  7  8  9 10 11 |
---------------+----------------------------------+-----
Hexes          | 4 5 6 7 9 12 14 16 | 16.4
Stealth        | 5 6 7 8 10 12 14 15 16 | 16.9
Spellcasting   | 3 4 5 6 7 9 10 | 10.5
Short Blades   | 2 4 6 7 |  7.8
Dodging        | 4 7 |  7.2

Action                   |  1- 3 |  4- 6 |  7- 9 | 10-12 || total
-------------------------+-------+-------+-------+-------++-------
Melee: Dagger            |    92 |    91 |   180 |   199 ||   562
Throw: Stone             |    17 |       |       |       ||    17
 Cast: Ensorcelled Hiber |    25 |    16 |    51 |    31 ||   123
       Tukima's Dance    |       |     2 |     2 |     3 ||     7
       Confusing Touch   |       |     2 |     9 |    25 ||    36
       Dazzling Flash    |       |       |    10 |    12 ||    22
  Use: Scroll            |       |     3 |     6 |     5 ||    14
       Potion            |       |       |     1 |     1 ||     2
 Stab: Sleeping          |    23 |    26 |    53 |    41 ||   143
       Distracted        |       |     1 |     1 |     2 ||     4
       Confused          |       |     1 |     5 |    19 ||    25
       Invisible         |       |       |     3 |    10 ||    13
Armor: Robe              |     8 |     2 |    26 |    13 ||    49
       Troll leather arm |       |       |       |    10 ||    10
Dodge: Dodged            |    62 |    32 |   136 |   170 ||   400

Table legend: (Time is in decaauts)
 A = Elapsed time spent in this place.
 B = Non-inter-level travel time spent in this place.
 C = Inter-level travel time spent in this place.
 D = Time resting spent in this place.
 E = Time spent auto-exploring this place.
 F = Levels seen in this place.
 G = Mean time per level.
                   A        B        C        D        E       F      G
               +--------+--------+--------+--------+--------+-----+--------+
         Total |  11923 |  11555 |    368 |   3057 |   6166 |  14 |  851.6 |
       Dungeon |  11294 |  10931 |    363 |   3014 |   5879 |  11 | 1026.7 |
        Temple |     61 |     58 |      3 |      0 |     30 |   1 |   61.0 |
          Lair |    258 |    258 |      0 |      0 |    168 |   1 |  258.0 |
         Sewer |    309 |    309 |      0 |     43 |     88 |   1 |  309.0 |
               +--------+--------+--------+--------+--------+-----+--------+

Top non-repeatable levels by time:
     D:4: 1709 daAuts
     D:1: 1284 daAuts
     D:8: 1207 daAuts
    D:10: 1127 daAuts
    D:11: 1068 daAuts
     D:9: 974 daAuts
     D:2: 947 daAuts
     D:6: 920 daAuts
     D:7: 788 daAuts
     D:5: 741 daAuts
     D:3: 523 daAuts
   Sewer: 309 daAuts
  Lair:1: 258 daAuts
  Temple: 61 daAuts
